2822 views
Uploaded 2020-04-17 15:50:58
Game version 1.32.3
11:10 long 2on2 ladder game on (4)TwistedMeadows
Saved by zebroni
2822 views
Uploaded 2020-04-17 15:50:58
Game version 1.32.3
11:10 long 2on2 ladder game on (4)TwistedMeadows
79 units @ 7.5k
/ 1.1k
25 buildings @ 4.2k
/ 1.8k


| Staff of Preservation | 1 | 150 |
| Orb of Venom | 1 | 325 |
| total: | 2 | 475g |
| Wisp | 14 | 840 | / | 0 |
| Archer | 5 | 650 | / | 50 |
| Mountain Giant | 2 | 700 | / | 200 |
| Forest Troll Berserker | 1 | 245 | / | 30 |
| total: | 22 | 2435g | / | 280w |
| Ancient of War | 1 | 150 | / | 60 |
| Moon Well | 4 | 720 | / | 160 |
| Altar of Elders | 1 | 180 | / | 50 |
| Hunter's Hall | 1 | 210 | / | 100 |
| Ancient of Wonders | 3 | 270 | / | 90 |
| Ancient of Lore | 3 | 465 | / | 435 |
| Tree of Ages | 1 | 320 | / | 180 |
| Tree of Eternity | 1 | 330 | / | 200 |
| total: | 13 | 1995g | / | 895w |
| 0:01 | Wisp |
| 0:01 | Wisp |
| 0:10 | Wisp |
| 0:13 | Ancient of War |
| 0:16 | Moon Well |
| 0:18 | Wisp |
| 0:26 | Wisp |
| 0:32 | Wisp |
| 0:38 | Wisp |
| 0:38 | Wisp |
| 1:10 | Altar of Elders |
| 1:15 | Archer |
| 1:29 | Moon Well |
| 1:34 | Archer |
| 1:40 | Wisp |
| 1:57 | Archer |
| 2:02 | Wisp |
| 2:20 | Rain of Fire |
| 2:29 | Archer |
| 2:34 | Moon Well |
| 3:09 | Tree of Ages |
| 4:03 | Hunter's Hall |
| 4:12 | Archer |
| 4:17 | Moon Well |
| 4:49 | Forest Troll Berserker |
| 5:18 | Cleaving Attack |
| 5:34 | Cluster Rockets |
| 5:45 | Tree of Eternity |
| 6:19 | Ancient of Wonders |
| 6:20 | Ancient of Lore |
| 6:33 | Rain of Fire |
| 6:42 | Ancient of Lore |
| 6:56 | Ancient of Wonders |
| 7:23 | Engineering Upgrade |
| 7:38 | Ancient of Lore |
| 8:04 | Mountain Giant |
| 8:07 | Wisp |
| 8:13 | Well Spring |
| 8:25 | Wisp |
| 8:45 | Staff of Preservation |
| 8:46 | Orb of Venom |
| 8:53 | Hardened Skin |
| 9:08 | Resistant Skin |
| 9:23 | Mountain Giant |
| 9:47 | Ancient of Wonders |
| 9:48 | Wisp |
| 9:49 | Wisp |
| 10:19 | Cleaving Attack |
| 11:01 | Cluster Rockets |


| Lesser Clarity Potion | 2 | 140 |
| Staff of Preservation | 1 | 150 |
| Circlet of Nobility | 2 | 350 |
| total: | 5 | 640g |
| Wisp | 36 | 2160 | / | 0 |
| Archer | 9 | 1170 | / | 90 |
| Dryad | 12 | 1740 | / | 720 |
| total: | 57 | 5070g | / | 810w |
| Altar of Elders | 1 | 180 | / | 50 |
| Moon Well | 5 | 900 | / | 200 |
| Ancient of War | 1 | 150 | / | 60 |
| Hunter's Hall | 1 | 210 | / | 100 |
| Ancient of Wonders | 1 | 90 | / | 30 |
| Tree of Life | 1 | 340 | / | 185 |
| Ancient of Lore | 2 | 310 | / | 290 |
| Tree of Ages | 1 | 320 | / | 180 |
| total: | 12 | 2180g | / | 915w |
| 0:01 | Wisp |
| 0:01 | Wisp |
| 0:01 | Wisp |
| 0:01 | Wisp |
| 0:01 | Wisp |
| 0:01 | Wisp |
| 0:05 | Altar of Elders |
| 0:16 | Moon Well |
| 0:24 | Wisp |
| 0:32 | Ancient of War |
| 0:37 | Wisp |
| 0:37 | Wisp |
| 0:37 | Wisp |
| 0:37 | Wisp |
| 0:44 | Wisp |
| 0:44 | Wisp |
| 0:44 | Wisp |
| 0:50 | Wisp |
| 0:50 | Wisp |
| 1:01 | Wisp |
| 1:09 | Wisp |
| 1:09 | Wisp |
| 1:27 | Moon Well |
| 1:33 | Archer |
| 1:33 | Archer |
| 1:33 | Archer |
| 1:33 | Archer |
| 1:33 | Archer |
| 1:33 | Archer |
| 1:33 | Archer |
| 1:33 | Archer |
| 1:33 | Wisp |
| 1:34 | Wisp |
| 1:40 | Wisp |
| 1:55 | Wisp |
| 2:12 | Force of Nature |
| 2:22 | Wisp |
| 2:22 | Wisp |
| 2:22 | Wisp |
| 2:22 | Wisp |
| 2:55 | Circlet of Nobility |
| 2:55 | Circlet of Nobility |
| 2:58 | Entangling Roots |
| 3:01 | Tree of Ages |
| 3:06 | Moon Well |
| 3:15 | Archer |
| 3:39 | Hunter's Hall |
| 4:12 | Moon Well |
| 4:28 | Ancient of Wonders |
| 4:38 | Tree of Life |
| 4:46 | Ultravision |
| 5:37 | Frost Arrows |
| 5:50 | Ancient of Lore |
| 5:57 | Ancient of Lore |
| 6:04 | Lesser Clarity Potion |
| 6:04 | Lesser Clarity Potion |
| 6:48 | Staff of Preservation |
| 7:00 | Nature's Blessing |
| 7:04 | Dryad |
| 7:14 | Abolish Magic |
| 7:14 | Dryad |
| 7:36 | Entangling Roots |
| 7:40 | Dryad |
| 7:47 | Wisp |
| 7:47 | Wisp |
| 7:48 | Strength of the Wild |
| 8:02 | Dryad |
| 8:02 | Dryad |
| 8:15 | Dryad |
| 8:30 | Forked Lightning |
| 8:38 | Wisp |
| 8:39 | Wisp |
| 8:39 | Wisp |
| 8:39 | Wisp |
| 8:39 | Wisp |
| 8:42 | Dryad |
| 8:45 | Dryad |
| 8:56 | Dryad |
| 9:08 | Wisp |
| 9:09 | Wisp |
| 9:38 | Improved Strength of the Wild |
| 9:41 | Moon Well |
| 10:17 | Dryad |
| 10:38 | Dryad |
| 10:40 | Force of Nature |
| 10:43 | Forked Lightning |
| 11:01 | Dryad |
56 units @ 7.2k
/ 0.5k
22 buildings @ 2.9k
/ 1k

| Wisp | 14 | 840 | / | 0 |
| Huntress | 12 | 2340 | / | 240 |
| total: | 26 | 3180g | / | 240w |
| Altar of Elders | 1 | 180 | / | 50 |
| Moon Well | 5 | 900 | / | 200 |
| Ancient of War | 2 | 300 | / | 120 |
| Hunter's Hall | 1 | 210 | / | 100 |
| Ancient of Wonders | 1 | 90 | / | 30 |
| Ancient of Lore | 1 | 155 | / | 145 |
| Tree of Ages | 1 | 320 | / | 180 |
| total: | 11 | 1835g | / | 645w |
| 0:03 | Wisp |
| 0:03 | Wisp |
| 0:09 | Altar of Elders |
| 0:18 | Moon Well |
| 0:20 | Wisp |
| 0:28 | Wisp |
| 0:29 | Wisp |
| 0:53 | Wisp |
| 0:53 | Wisp |
| 1:34 | Wisp |
| 1:34 | Wisp |
| 1:47 | Wisp |
| 1:54 | Ancient of War |
| 1:58 | Hunter's Hall |
| 2:07 | Moon Well |
| 2:17 | Entangling Roots |
| 2:20 | Wisp |
| 2:26 | Ancient of War |
| 2:36 | Wisp |
| 2:50 | Moon Well |
| 3:07 | Huntress |
| 3:37 | Huntress |
| 3:42 | Huntress |
| 4:11 | Ultravision |
| 4:18 | Huntress |
| 4:27 | Huntress |
| 4:47 | Huntress |
| 5:00 | Moon Well |
| 5:06 | Force of Nature |
| 5:18 | Huntress |
| 5:51 | Huntress |
| 6:00 | Ancient of Wonders |
| 6:27 | Huntress |
| 7:03 | Huntress |
| 7:41 | Tree of Ages |
| 7:46 | Force of Nature |
| 8:15 | Huntress |
| 8:32 | Moon Well |
| 8:56 | Huntress |
| 10:35 | Wisp |
| 10:35 | Wisp |
| 10:36 | Ancient of Lore |

| Scroll of Regeneration | 1 | 100 |
| Scroll of Healing | 1 | 250 |
| Potion of Lesser Invulnerability | 1 | 150 |
| total: | 3 | 500g |
| Peasant | 13 | 975 | / | 0 |
| Footman | 7 | 945 | / | 0 |
| Rifleman | 10 | 2050 | / | 300 |
| total: | 30 | 3970g | / | 300w |
| Scout Tower | 2 | 60 | / | 40 |
| Arcane Tower | 2 | 140 | / | 100 |
| Altar of Kings | 1 | 180 | / | 50 |
| Barracks | 1 | 160 | / | 60 |
| Farm | 4 | 320 | / | 80 |
| Blacksmith | 1 | 140 | / | 60 |
| Arcane Vault | 1 | 130 | / | 30 |
| Lumber Mill | 1 | 120 | / | 0 |
| total: | 11 | 1110g | / | 320w |
| 0:02 | Peasant |
| 0:03 | Peasant |
| 0:08 | Altar of Kings |
| 0:15 | Barracks |
| 0:20 | Farm |
| 0:29 | Peasant |
| 0:38 | Farm |
| 0:48 | Peasant |
| 1:04 | Peasant |
| 1:16 | Peasant |
| 1:19 | Footman |
| 1:19 | Footman |
| 1:26 | Scout Tower |
| 1:35 | Footman |
| 1:55 | Arcane Tower |
| 1:57 | Footman |
| 2:09 | Blacksmith |
| 2:19 | Footman |
| 2:19 | Footman |
| 2:20 | Footman |
| 2:38 | Defend |
| 3:09 | Scout Tower |
| 3:23 | Holy Light |
| 3:23 | Holy Light |
| 4:08 | Peasant |
| 4:08 | Peasant |
| 4:13 | Farm |
| 4:20 | Arcane Tower |
| 4:38 | Peasant |
| 4:52 | Devotion Aura |
| 5:01 | Rifleman |
| 5:17 | Arcane Vault |
| 5:29 | Peasant |
| 5:29 | Peasant |
| 5:49 | Peasant |
| 6:05 | Rifleman |
| 6:18 | Studded Leather Armor |
| 6:20 | Lumber Mill |
| 6:34 | Farm |
| 6:56 | Rifleman |
| 6:56 | Rifleman |
| 7:09 | Rifleman |
| 7:23 | Black Gunpowder |
| 7:36 | Scroll of Regeneration |
| 8:10 | Devotion Aura |
| 8:14 | Rifleman |
| 8:29 | Rifleman |
| 8:47 | Peasant |
| 9:05 | Potion of Lesser Invulnerability |
| 9:09 | Scroll of Healing |
| 9:36 | Rifleman |
| 10:39 | Rifleman |
| 10:39 | Rifleman |
⇛